 Dungeon Crawl Stone Soup version 0.26-a0-850-g97a50ab700 (webtiles) character file.

Game seed: 16576426928774235091

3501 marklar909 the Slinger (level 10, -2/71 HPs)
             Began as a Halfling Hunter on Nov 20, 2020.
             Slain by a komodo dragon (25 damage)
             ... on level 9 of the Dungeon.
             The game lasted 00:13:56 (8459 turns).

marklar909 the Slinger (Halfling Hunter)            Turns: 8459, Time: 00:13:56

Health: -2/71      AC: 11    Str: 15    XL:     10   Next: 28%
Magic:  10/10      EV: 16    Int:  9    God:
Gold:   244        SH:  0    Dex: 17    Spells: 9/9 levels left

rFire    . . .     SeeInvis .   a - +3 hunting sling
rCold    . . .     Faith    .   (shield restricted)
rNeg     . . .     Spirit   .   g - +2 ring mail
rPois    .         Reflect  .   o - +2 hood of the Assassin {Detection Stab+ Stlth++}
rElec    .         Harm     .   (no cloak)
rCorr    .         Rampage  .   (no gloves)
MR       .....                  s - +0 pair of boots
Stlth    ++++......             t - amulet of regeneration
HPRegen  0.61/turn              (no ring)
MPRegen  0.12/turn              (no ring)

@: no status effects
A: small, mutation resistance 1
a: no special abilities


You were on level 9 of the Dungeon.
You visited 2 branches of the dungeon, and saw 10 of its levels.

You collected 419 gold pieces.
You spent 175 gold pieces at shops.

Inventory:

Hand Weapons
 a - a +3 hunting sling (weapon)
Missiles
 d - 77 sling bullets
 v - 49 stones (quivered)
Armour
 b - a +2 helmet
 g - a +2 ring mail (worn)
 o - the +2 hood of the Assassin (worn) {Detection Stab+ Stlth++}
   (You found it on level 8 of the Dungeon)

   It makes you much more stealthy.
 s - a +0 pair of boots (worn)
Jewellery
 t - an amulet of regeneration (around neck)
 w - a cursed amulet of inaccuracy {unknown}
 C - an uncursed amulet of faith {unknown}
Wands
 m - a wand of polymorph (13)
 r - a wand of random effects (1)
 E - a wand of paralysis (3)
 G - a wand of iceblast (8)
Scrolls
 h - a scroll of teleportation
 l - a scroll of random uselessness {unknown}
 n - 4 scrolls of remove curse
 p - 4 scrolls of identify
 u - 2 scrolls of magic mapping
 z - 3 scrolls of fog
 F - a scroll of vulnerability
Potions
 c - 2 potions of invisibility
 e - 3 potions of lignification
 f - 2 potions of flight
 i - 5 potions of curing
 j - 2 potions of haste
 k - 2 potions of brilliance
 q - 4 potions of heal wounds
 x - 4 potions of mutation
 A - a potion of magic {unknown}
 D - a potion of berserk rage {unknown}


   Skills:
 * Level 7.3 Fighting
 + Level 13.2 Slings
 * Level 6.4 Armour
 * Level 5.5 Dodging
 + Level 2.2 Stealth
 + Level 0.1 Evocations


You had 9 spell levels left.
You didn't know any spells.
Your spell library was empty.

Dungeon Overview and Level Annotations

Branches:
Dungeon (9/15)             Temple (1/1) D:6
   Lair: D:8-11         Orc: D:9-12

Altars:
Ashenzari
Cheibriados
Dithmenos
Elyvilon
Fedhas
Gozag
Hepliaklqana
Kikubaaqudgha
Makhleb
Nemelex Xobeh
Qazlal
Ru
Sif Muna
Trog
Uskayaw
Vehumet
Wu Jian
Xom
Yredelemnul
Zin
The Shining One

Shops:
D:5 (   D:7 ?

Annotations:
D:5 3 runed translucent doors, Tocho's ghost, novice MiFi


Innate Abilities, Weirdness & Mutations

You are small and have problems with some larger weapons.
You are somewhat resistant to further mutation.


Message History

The komodo dragon bites you!!
Unknown command.
You shoot a stone.
The stone hits the komodo dragon but does no damage.
The komodo dragon is almost dead.
Unknown command.
You shoot a stone.
The stone barely misses the komodo dragon.
The stone closely misses the orc.
The komodo dragon bites you!!
Unknown command.
Unknown command.
You are too injured to fight recklessly!
Firing (i - inventory. (/) - cycle)
v - 50 stones (quivered)
Press: ? - help, Shift-Dir - straight line, f/p - komodo dragon
Aim: a komodo dragon (almost dead)
You shoot a stone.
The stone hits the komodo dragon but does no damage.
The komodo dragon is almost dead.
The komodo dragon bites you!!
You die...

#.........#
#.........#
#...).....#
#<........#
#.........#
#............ {
#.........###
#####.........#
#@.†..........#
#l###<........#
#o# #.........#
.(..{)..#
###########
PPP(...(#


PPP.PP.## PPPPPP# PPPPP# ##### You could see a komodo dragon and an orc.

Vanquished Creatures
  Pikel (D:5)
  Prince Ribbit (D:6)
  A redback (D:8)
  Menkaure (D:5)
  3 orc warriors
  A sky beast (D:7)
  A necrophage (D:8)
  A phantom (D:4)
  2 ogres
  A centaur (D:6)
  A lemure (D:5)
  A big kobold (D:8)
  Blork the orc (D:3)
  2 bullfrogs
  2 scorpions (D:6)
  3 wights (D:7)
  9 killer bees
  2 howler monkeys
  A quasit (D:7)
  A gnoll shaman (D:8)
  2 hounds (D:6)
  4 orc priests
  An orc wizard (D:4)
  3 bullfrog skeletons
  4 worker ants
  2 hound skeletons
  2 worker ant zombies (D:7)
  9 gnolls
  A howler monkey skeleton (D:7)
  7 adders
  An ooze (D:3)
  3 adder skeletons
  An adder zombie (D:6)
  2 worms
  4 dart slugs
  2 leopard geckos
  25 orcs
  9 giant cockroaches
  2 gnoll zombies (D:2)
  8 hobgoblins
  6 jackals
  4 quokkas
  4 bats
  3 frilled lizards
  5 goblins
  2 jackal skeletons (D:4)
  8 kobolds
  A quokka skeleton (D:4)
  10 rats
171 creatures vanquished.

Vanquished Creatures (others)
  8 plants (D:9)
8 creatures vanquished.

Grand Total: 179 creatures vanquished

Notes
Turn   | Place    | Note
-------+----------+-------------------------------------------
     0 | D:1      | marklar909 the Halfling Hunter began the quest for the Orb.
     0 | D:1      | Reached XP level 1. HP: 14/14 MP: 1/1
    42 | D:1      | Reached skill level 6 in Slings
    93 | D:1      | Reached XP level 2. HP: 19/19 MP: 2/2
   265 | D:1      | Reached XP level 3. HP: 24/24 MP: 3/3
   515 | D:2      | Reached skill level 7 in Slings
   570 | D:2      | Found a basalt altar of Yredelemnul.
  1156 | D:2      | Reached XP level 4. HP: 28/29 MP: 4/4
  1413 | D:3      | Reached skill level 1 in Armour
  1413 | D:3      | Reached XP level 5. HP: 35/35 MP: 5/5
  1485 | D:3      | Found a faded altar of an unknown god.
  1509 | D:3      | Reached skill level 8 in Slings
  1737 | D:3      | Found a sparkling altar of Nemelex Xobeh.
  2048 | D:3      | Noticed Blork the orc
  2056 | D:3      | Killed Blork the orc
  2057 | D:3      | Reached XP level 6. HP: 41/41 MP: 6/6
  2063 | D:3      | Found a shimmering blue altar of Sif Muna.
  2463 | D:4      | Noticed a phantom
  2476 | D:4      | Killed a phantom
  2477 | D:4      | Reached skill level 9 in Slings
  2550 | D:4      | Reached XP level 7. HP: 43/46 MP: 7/7
  3697 | D:5      | Entered Level 5 of the Dungeon
  3756 | D:5      | Noticed Tocho's ghost (novice MiFi)
  3790 | D:5      | Found a blossoming altar of Fedhas.
  3864 | D:5      | Noticed Pikel
  3983 | D:5      | Killed Pikel
  3984 | D:5      | Reached skill level 10 in Slings
  3984 | D:5      | Reached XP level 8. HP: 21/54 MP: 8/8
  4209 | D:5      | Found a runed translucent gate.
  4209 | D:5      | Found a runed translucent gate.
  4210 | D:5      | Found a runed translucent gate.
  4416 | D:5      | Found Mepsajup's Weapon Shoppe.
  4652 | D:5      | Noticed Menkaure
  4663 | D:5      | Killed Menkaure
  4929 | D:6      | Reached skill level 5 in Fighting
  5046 | D:6      | Noticed Prince Ribbit
  5103 | D:6      | Reached skill level 11 in Slings
  5103 | D:6      | Reached XP level 9. HP: 61/61 MP: 9/9
  5165 | D:6      | Found a staircase to the Ecumenical Temple.
  5196 | Temple   | Entered the Ecumenical Temple
  5374 | D:6      | Found a white marble altar of Elyvilon.
  5575 | D:6      | Found a hazy altar of Hepliaklqana.
  5714 | D:6      | Killed Prince Ribbit
  5715 | D:6      | Reached skill level 5 in Armour
  6172 | D:7      | Found Guimad's Magic Scroll Emporium.
  6205 | D:7      | Bought a scroll of enchant weapon for 105 gold pieces
  6205 | D:7      | Bought a scroll of fog for 28 gold pieces
  6205 | D:7      | Bought a scroll of teleportation for 42 gold pieces
  6273 | D:7      | Reached skill level 12 in Slings
  6770 | D:7      | Found a sacrificial altar of Ru.
  7122 | D:8      | Found a runed translucent door.
  7123 | D:8      | Found the +2 hood of the Assassin {Detection Stab+ Stlth++}
  7239 | D:8      | Reached skill level 5 in Dodging
  7573 | D:8      | Reached XP level 10. HP: 69/69 MP: 10/10
  7800 | D:7      | Reached skill level 13 in Slings
  8171 | D:8      | Noticed a boulder beetle
  8241 | D:7      | HP: 3/71 [boulder beetle (42)]
  8434 | D:9      | Noticed a komodo dragon
  8459 | D:9      | Slain by a komodo dragon

Illustrated notes

Levels and vault maps discovered:
D:1:      minmay_arrival_wavy_path, layout_rooms, minmay_hedge_maze
D:2:      layout_basic, lemuel_zombie_altar_yredelemnul
D:3:      layout_basic, nemelex_xobeh_ov_fountains_minmay, tgw_sif,
          chequers_ecumenical_altar_twisty, minmay_tree_intersection,
          chequers_serial_rivers_micro_e
D:4:      layout_layer_cave, kennysheep_generic_room_11
D:5:      layout_cave_pods, fedhas_ov_isle_minmay, gammafunk_ghost_split,
          serial_shops, shop, hex_tiny, uniq_menkaure, uniq_pikel
D:6:      layout_loops_ring, kennysheep_little_box, lemuel_crystal_altar,
          minmay_temple_entry_waves, uniq_prince_ribbit1
D:7:      layout_loops_ring, nicolae_ru_awakened_eye, serial_shops,
          shop_fountains
D:8:      gammafunk_indiana_jones, layout_basic
D:9:      layout_roguey, okawaru_altar_gauntlet_db, david_lair_shrubbed,
          kennysheep_doodads
Temple:   nicolae_temple_great_sept

Skill      XL: |  1  2  3  4  5  6  7  8  9 10 |
---------------+-------------------------------+-----
Slings         | 6 7 8 9 10 11 12 13 | 13.2
Fighting       | 2 3 4 5 6 7 |  7.3
Armour         | 1 2 3 4 5 6 |  6.4
Dodging        | 3 4 5 |  5.5
Stealth        | 2 |  2.2
Evocations     | |  0.1

Action                   |  1- 3 |  4- 6 |  7- 9 | 10-12 || total
-------------------------+-------+-------+-------+-------++-------
 Fire: Hunting sling     |    92 |   122 |   524 |   130 ||   868
Evoke: Wand              |       |       |     3 |       ||     3
  Use: Scroll            |     2 |     2 |    20 |     1 ||    25
       Potion            |       |       |     1 |       ||     1
Armor: Leather armour    |     1 |       |       |       ||     1
       Ring mail         |       |     4 |    28 |     9 ||    41
Dodge: Dodged            |    10 |    14 |   134 |    34 ||   192

Table legend: (Time is in decaauts)
 A = Elapsed time spent in this place.
 B = Non-inter-level travel time spent in this place.
 C = Inter-level travel time spent in this place.
 D = Time resting spent in this place.
 E = Time spent auto-exploring this place.
 F = Levels seen in this place.
 G = Mean time per level.
                   A        B        C        D        E       F      G
               +--------+--------+--------+--------+--------+-----+--------+
         Total |   8199 |   7510 |    689 |    143 |   6140 |  10 |  819.9 |
       Dungeon |   8111 |   7437 |    674 |    143 |   6068 |   9 |  901.2 |
        Temple |     88 |     74 |     14 |      0 |     72 |   1 |   88.0 |
               +--------+--------+--------+--------+--------+-----+--------+

Top non-repeatable levels by time:
     D:4: 1308 daAuts
     D:5: 1210 daAuts
     D:8: 1107 daAuts
     D:6: 1096 daAuts
     D:3: 1008 daAuts
     D:7: 999 daAuts
     D:2: 835 daAuts
     D:1: 484 daAuts
  Temple: 88 daAuts
     D:9: 59 daAuts
